 Dungeon Crawl Stone Soup version 0.27-a0-1188-g73eefd5def (webtiles) character file.

Game seed: 9302493390662960426

16 ZappyNine the Sneak (level 2, 0/15 HPs)
             Began as a Kobold Venom Mage on May 20, 2021.
             Slain by a jackal (2 damage)
             ... on level 1 of the Dungeon.
             The game lasted 00:01:19 (689 turns).

ZappyNine the Sneak (Kobold Venom Mage)              Turns: 689, Time: 00:01:21

Health: 0/15       AC:  2    Str:  5    XL:     2   Next: 75%
Magic:  1/5        EV: 15    Int: 16    God:
Gold:   46         SH:  0    Dex: 15    Spells: 2/5 levels left

rFire    . . .     SeeInvis .   c - +0 dagger
rCold    . . .     Faith    .   (shield restricted)
rNeg     . . .     Spirit   .   a - +0 robe
rPois    .         Reflect  .   (no helmet)
rElec    .         Harm     .   (no cloak)
rCorr    .         Rampage  .   (no gloves)
Will     .....                  (no boots)
Stlth    ++++......             (no amulet)
HPRegen  0.05/turn              (no ring)
MPRegen  0.09/turn              (no ring)

@: no status effects
A: small, no large weapons, nightstalker 3
a: no special abilities


You were on level 1 of the Dungeon.
You visited 1 branch of the dungeon, and saw 1 of its levels.

You collected 46 gold pieces.

Inventory:

Hand Weapons
 c - a +0 dagger (weapon)
Missiles
 b - 7 javelins
Armour
 a - a +0 robe (worn)


   Skills:
 - Level 2.4 Dodging
 + Level 4.4 Stealth
 - Level 2.1 Spellcasting
 - Level 1.0 Transmutations
 - Level 3.0 Poison Magic


You had 2 spell levels left.
You knew the following spells:

 Your Spells              Type           Power      Damage    Failure   Level
a - Sting                 Tmut/Pois      32%        1d4       9%          1
b - Poisonous Vapours     Pois/Air       12%        N/A       17%         2

Your spell library contained the following spells:

 Spells                   Type           Power      Damage    Failure   Level
 Ignite Poison            Fire/Tmut/Pois 6%         N/A       34%         3
 Mephitic Cloud           Conj/Pois/Air  4%         N/A       38%         3
 Olgreb's Toxic Radiance  Pois           11%        N/A       52%         4


Dungeon Overview and Level Annotations

Branches:
Dungeon (1/15)

Altars:


Innate Abilities, Weirdness & Mutations

You are small and have problems with some larger weapons.
You are completely attuned to the shadows.


Message History

The jackal closely misses you.
The jackal looks more healthy.
The jackal closely misses you. The jackal misses you. The jackal bites you.
* * * LOW HITPOINT WARNING * * *
You aren't carrying any potions.
You aren't carrying any potions.
The jackal barely misses you.
You hit the jackal but do no damage. The jackal completely misses you.
Casting: Poisonous Vapours (safe; 17% risk of failure)
Confirm with . or Enter, or press ? or * to list all spells.
Aiming: Poisonous Vapours (safe; 17% risk of failure)
Press: ? - help, Dir - move target, f/p - jackal
Aim: a jackal Poisonous vapours surround the jackal!
The jackal is engulfed in poison gas.
The jackal is poisoned.
The jackal closely misses you.
Unknown command.
You kill the jackal!
Casting: Poisonous Vapours (safe; 17% risk of failure)
Confirm with . or Enter, or press ? or * to list all spells.
You don't have enough magic to cast this spell.
Unknown command.
You barely miss the jackal.
The jackal is heavily wounded.
The jackal closely misses you.
You miss the jackal.
The jackal is heavily wounded.
The jackal misses you.
Unknown command.
Casting: Poisonous Vapours (safe; 17% risk of failure)
Confirm with . or Enter, or press ? or * to list all spells.
You don't have enough magic to cast this spell.
Unknown command.
Unknown command.
The jackal bites you.
* * * LOW HITPOINT WARNING * * *
The jackal misses you. The jackal misses you. The jackal bites you.
You die...

#.....####...........# ###..##.
...(....##...........# #...##..
........##.)......>..# ###.##...#
.......†.#.÷.........###...##.###
.......#.#.#####..###.........#
.......#†...## #.......########
.......###...###..##....#####
.......##..#......#.........####
.......##.##....@hh...#####....##
##.#....#.♣♣..♣♣♣♣♣..## ####..#
...##.#..♣♣≈♣♣♣≈<♣♣♣## ##..
#......#♣♣≈♣♣≈≈≈♣♣8♣♣ ##.
###..#.♣♣≈♣♣≈♣♣♣♣≈≈≈♣♣ ## ..#
♣.♣♣≈♣♣≈≈≈♣♣♣≈♣ # .#
♣≈♣≈♣♣≈≈♣♣♣8♣≈♣ ..
♣♣≈♣≈♣≈♣♣≈≈≈≈♣≈♣♣ #.#
♣8≈♣≈♣≈♣8≈♣♣≈♣≈8♣ ..


You could see 2 jackals.

Vanquished Creatures
  2 endoplasms (D:1)
  2 giant cockroaches (D:1)
  2 goblins (D:1)
  A hobgoblin (D:1)
  4 jackals (D:1)
  A ball python (D:1)
  A frilled lizard (D:1)
13 creatures vanquished.

Notes
Turn   | Place    | Note
-------+----------+-------------------------------------------
     0 | D:1      | ZappyNine the Kobold Venom Mage began the quest for the
                  | Orb.
     0 | D:1      | Reached XP level 1. HP: 10/10 MP: 3/3
   111 | D:1      | Reached skill level 3 in Stealth
   174 | D:1      | Reached XP level 2. HP: 6/15 MP: 1/5
   358 | D:1      | Learned a level 2 spell: Poisonous Vapours
   362 | D:1      | Reached skill level 4 in Stealth
   689 | D:1      | Slain by a jackal

Illustrated notes

Levels and vault maps discovered:
D:1:      nagdon_arrival_double_spiral, layout_rooms,
          chequers_serial_rivers_large_b, minmay_pentomino_z4

Skill      XL: |  1  2 |
---------------+-------+-----
Stealth        | 3 4 |  4.4
Dodging        | |  2.4
Spellcasting   | |  2.1
Transmutations | |  1.0
Poison Magic   | |  3.0

Action                   || total
-------------------------++-------
Melee: Unarmed           ||     3
       Dagger            ||    29
 Cast: Sting             ||     7
       Poisonous Vapours ||     6
 Stab: Sleeping          ||     1
Armor: Robe              ||     7
Dodge: Dodged            ||    37

Table legend: (Time is in decaauts)
 A = Elapsed time spent in this place.
 B = Non-inter-level travel time spent in this place.
 C = Inter-level travel time spent in this place.
 D = Time resting spent in this place.
 E = Time spent auto-exploring this place.
 F = Levels seen in this place.
 G = Mean time per level.
                   A        B        C        D        E       F      G
               +--------+--------+--------+--------+--------+-----+--------+
         Total |    725 |    725 |      0 |    211 |    393 |   1 |  725.0 |
       Dungeon |    725 |    725 |      0 |    211 |    393 |   1 |  725.0 |
               +--------+--------+--------+--------+--------+-----+--------+

Top non-repeatable levels by time:
     D:1: 725 daAuts
